 Dungeon Sprint DCSS version 0.19.1 (webtiles) character file.

597 dvd the Fighter (level 7, -9/96 HPs)
             Began as a Demonspawn Berserker on Dec 22, 2016.
             Was a Priest of Trog.
             Killed from afar by Sonja (12 damage)
             ... with a wand of lightning
             ... in the Dungeon (Sprint I: "Red Sonja").
             The game lasted 00:02:34 (723 turns).

dvd the Fighter (Demonspawn Berserker)               Turns: 723, Time: 00:02:35

Health: -9/96      AC:  5    Str: 23    XL:     7   Next: 17%
Magic:  7/7        EV: 16    Int:  8    God:    Trog [***...]
Gold:   212        SH:  0    Dex: 14    Spells: 0 memorised, 6 levels left

rFire  + . .     SeeInvis .     a - +0 hand axe
rCold  . . .     Gourm    .     l - +2 leather armour {rPois}
rNeg   . . .     Faith    .     (no shield)
rPois  +         Spirit   .     (no helmet)
rElec  .         Reflect  .     (no cloak)
rCorr  .         Harm     .     (no gloves)
MR     .....     NoTele   +     (no boots)
Stlth  ..........               (no amulet)
                                (no ring)
                                (no ring)

@: berserking, very quick
A: talons 1, repulsion field 1, fire resistance 1, nightstalker 2
a: Berserk, Trog's Hand, Burn Spellbooks, Renounce Religion


You were in the Dungeon.
You worshipped Trog.
Trog was most pleased with you.
You were not hungry.

You visited 1 branch You collected 420 gold pieces.
You spent 208 gold pieces at shops.

Inventory:

Hand Weapons
 a - a +0 hand axe (weapon)
Armour
 l - a +2 leather armour of poison resistance (worn)
Scrolls
 i - a scroll of blinking
 k - a scroll of enchant weapon {unknown}
Potions
 d - a potion of curing
 e - a potion of heal wounds
 f - a potion of haste
 g - 2 potions of magic
 h - a potion of berserk rage
Comestibles
 c - a bread ration
 j - a chunk of flesh


   Skills:
 + Level 9.5 Fighting
 + Level 9.4 Axes
 + Level 4.5 Armour
 + Level 5.1 Dodging
 + Level 3.4 Stealth


You had 6 spell levels left.
You didn't know any spells.

Dungeon Overview and Level Annotations

Branches:
Dungeon (1/1)

Altars:
Cheibriados
Dithmenos
Elyvilon
Fedhas
Gozag
Hepliaklqana
Kikubaaqudgha
Makhleb
Nemelex Xobeh
Okawaru
Qazlal
Ru
Sif Muna
Trog
Uskayaw
Vehumet
Xom
Yredelemnul
Zin
The Shining One
Jiyva
Lugonu

Shops:
D [

Annotations:
D Sonja


Innate Abilities, Weirdness & Mutations

You have sharp toenails.
You are surrounded by a mild repulsion field. (EV +2)
Your flesh is heat resistant. (rF+)
You are significantly more attuned to the shadows.


Message History

Here: Sonja, wielding a blowgun and carrying a wand of lightning {zapped: 1} (heavily wounded)
The floor.
Unknown command.
Press < or > to pray at altars.
You aren't carrying any items that you can evoke.
Unknown command.
Press < or > to pray at altars.
Unknown command.
Press < or > to pray at altars.
Sonja says, "I'm academy-trained, you know."
Sonja zaps a wand.
The bolt of lightning hits you!
A red film seems to cover your vision as you go berserk!
You feel yourself moving faster!
You feel mighty!
You feel a lot more hungry.
Sonja mumbles some strange words.
Sonja blinks!
You feel a strong urge to attack something.
Sonja zaps a wand.
The bolt of lightning hits you!
* * * LOW HITPOINT WARNING * * *
The bolt of lightning hits you!
You die...

######################
#<.#..)..#.)'..#__#..+
#..').#..'..#..'..'..#
#..#####'#####'#__####
#..####..#...#.####
#..#__####..##.#
#..#_____##@#..+
#⌠⌠#_.∩[..'..._#
####_.._K##_.#'#
#_____###'#(#
#########.### +$.$+
#$.$# ##.## #+#


You could see Sonja.

Vanquished Creatures
  A slime creature (D)
  Sigmund (D)
  A yak (D)
  An ogre (D)
  A jelly (D)
  Ijyb (D)
6 creatures vanquished.

Notes
Turn   | Place    | Note
-------+----------+-------------------------------------------
     0 | D        | dvd the Demonspawn Berserker began the quest for the Orb.
     0 | D        | Reached XP level 1. HP: 18/18 MP: 1/1
     1 | D        | Noticed Ijyb
    14 | D        | Killed Ijyb
    14 | D        | Gained mutation: You have sharp toenails. [demonic ancestry]
    14 | D        | Reached XP level 2. HP: 14/26 MP: 2/2
   162 | D        | Noticed an ogre
   169 | D        | Killed an ogre
   169 | D        | Gained mutation: You are slightly more attuned to the shadows. [demonic ancestry]
   169 | D        | Reached XP level 3. HP: 24/34 MP: 3/3
   169 | D        | Gained mutation: You are significantly more attuned to the shadows. [demonic ancestry]
   169 | D        | Reached XP level 4. HP: 29/40 MP: 4/4
   313 | D        | Noticed Sigmund
   325 | D        | Killed Sigmund
   325 | D        | Reached ** piety under Trog
   325 | D        | Reached skill level 1 in Stealth
   325 | D        | Gained mutation: You are surrounded by a mild repulsion field. (EV +2) [demonic ancestry]
   325 | D        | Reached XP level 5. HP: 26/49 MP: 5/5
   339 | D        | Found a deep blue altar of Sif Muna.
   341 | D        | Found a radiant altar of Vehumet.
   352 | D        | Reached XP level 6. HP: 23/56 MP: 6/6
   562 | D        | Found Kagrouxi's Armour Emporium.
   562 | D        | Found a hazy altar of Hepliaklqana.
   562 | D        | Found a stormy altar of Qazlal.
   562 | D        | Found a hide-covered altar of Uskayaw.
   562 | D        | Found a blossoming altar of Fedhas.
   562 | D        | Found a bloodstained altar of Trog.
   562 | D        | Found a snail-covered altar of Cheibriados.
   562 | D        | Noticed a yak
   566 | D        | Killed a yak
   567 | D        | Found an iron altar of Okawaru.
   567 | D        | Found an opulent altar of Gozag.
   567 | D        | Found a sacrificial altar of Ru.
   567 | D        | Found a glowing silver altar of Zin.
   568 | D        | Found an ancient bone altar of Kikubaaqudgha.
   568 | D        | Found a basalt altar of Yredelemnul.
   568 | D        | Found a glowing golden altar of the Shining One.
   568 | D        | Found a sparkling altar of Nemelex Xobeh.
   568 | D        | Found a shadowy altar of Dithmenos.
   568 | D        | Found a white marble altar of Elyvilon.
   577 | D        | Bought a +2 leather armour of poison resistance for 208 gold pieces
   631 | D        | Found a burning altar of Makhleb.
   631 | D        | Found a viscous altar of Jiyva.
   631 | D        | Found a shimmering altar of Xom.
   631 | D        | Found a corrupted altar of Lugonu.
   631 | D        | Noticed a slime creature
   641 | D        | Killed a slime creature
   641 | D        | Reached *** piety under Trog
   641 | D        | Reached skill level 5 in Dodging
   641 | D        | Gained mutation: Your flesh is heat resistant. (rF+) [demonic ancestry]
   641 | D        | Reached XP level 7. HP: 62/64 MP: 7/7
   713 | D        | Noticed Sonja
   723 | D        | HP: 3/96 [Sonja/wand of lightning (27)]
   723 | D        | Killed from afar by Sonja

Skill      XL: |  1  2  3  4  5  6 |
---------------+-------------------+-----
Fighting       | 4 6 7 8 9 |  9.5
Axes           | 4 6 7 8 9 |  9.4
Armour         | 2 3 4 |  4.5
Dodging        | 2 3 4 5 |  5.1
Stealth        | 1 3 |  3.4

Action                   |  1- 3 |  4- 6 |  7- 9 || total
-------------------------+-------+-------+-------++-------
Melee: Hand axe          |    18 |    25 |     1 ||    44
       Kick              |     2 |    12 |       ||    14
Invok: Berserk           |     1 |     3 |     1 ||     5
 Stab: Sleeping          |       |     3 |     1 ||     4
  Eat: Chunk             |       |     2 |     2 ||     4
Armor: Animal skin       |     1 |     1 |       ||     2
       Leather armour    |       |     2 |       ||     2
Dodge: Dodged            |     8 |     4 |       ||    12
